 Dungeon Crawl Stone Soup version 0.31-a0-1611-g890cdf5628 (webtiles) character file.

Game seed: 4686663905298680636

160 ragingrage the Ruffian (level 5, -4/38 HPs)
             Began as a Barachi Shapeshifter on Jan 8, 2024.
             Was a Priest of Cheibriados.
             Slain by an ogre
             ... wielding a +0 giant club
              (11 damage)
             ... on level 4 of the Dungeon.
             The game lasted 00:03:39 (2145 turns).

ragingrage the Ruffian (Barachi Shapeshifter)       Turns: 2145, Time: 00:03:40

Health: -4/38      AC:  5    Str: 23    XL:     5   Next: 41%
Magic:  2/5        EV: 12    Int: 17    God:    Cheibriados [***...]
Gold:   123        SH:  5    Dex: 17    Spells: 4/4 levels left

rFire   . . .        a - +1 dagger (venom)
rCold   . . .        (no shield)
rNeg    . . .        j - +0 ring mail
rPois   .            (helmet currently unavailable)
rElec   .            (cloak currently unavailable)
rCorr   .            (gloves currently unavailable)
SInv    .            (boots currently unavailable)
Will    .....        w - amulet of reflection
Stlth   +            (no ring)
HPRegen 0.26/turn    (no ring)
MPRegen 0.09/turn

%: reflection
@: beast-form, unable to hop, invisible, very slow
A: beast (slay +2), amphibious, slowness 1, strong legs 1, +LOS
a: Hop, Begin Untransformation, Renounce Religion, Bend Time, Temporal
Distortion


You were on level 4 of the Dungeon.
You worshipped Cheibriados.
Cheibriados was most pleased with you.
You were a hulking beast.
You visited 1 branch of the dungeon, and saw 4 of its levels.

You collected 123 gold pieces.

Inventory:

Hand Weapons
 a - a +1 dagger of venom (weapon)
 o - a +0 war axe
Missiles
 n - 4 javelins
Armour
 j - a +0 ring mail (worn)
 v - a +0 helmet
Jewellery
 u - an amulet of faith
 w - an amulet of reflection (around neck)
Talismans
 c - a beast talisman
 d - a flux talisman
Wands
 s - a wand of digging (1)
Scrolls
 f - a scroll of poison {unknown}
 g - a scroll of amnesia {unknown}
 h - a scroll of fog {unknown}
 i - a scroll of revelation {unknown}
 p - a scroll of acquirement {unknown}
 q - 2 scrolls of teleportation {unknown}
 t - 3 scrolls of identify {unknown}
 x - a scroll of butterflies {unknown}
Potions
 b - 2 potions of lignification
 l - a potion of degeneration {unknown}
 m - 2 potions of mutation {unknown}
 r - a potion of cancellation {unknown}


   Skills:
 + Level 2.2 Fighting
 - Level 2.0 Short Blades
 + Level 2.8 Dodging
 + Level 0.0 Stealth
 - Level 5.1 Unarmed Combat
 - Level 3.6 Shapeshifting


You had 4 spell levels left.
You didn't know any spells.
Your spell library contained the following spells:

 Spells                   Type           Power      Damage    Failure   Level
 Ensorcelled Hibernation  Hex/Ice        0%         N/A       50%         2
 Passwall                 Erth           0%         N/A       75%         3
 Swiftness                Air            0%         N/A       75%         3


Dungeon Overview and Level Annotations

Branches:
Dungeon (4/15)
 Temple: D:4-7

Altars:
Ashenzari
Cheibriados
Dithmenos
Gozag
Qazlal
Zin


Innate Abilities, Weirdness & Mutations

You are a hulking beast.
Your limbs bulge with bestial killing power. (Slay +2)
You are amphibious.
You cover ground slowly.
You can hop short distances.
You have an extended range of vision and can be seen from far away.


Message History

You feel your dexterity returning.
Your Fighting skill increases to level 2!
A bombardier beetle comes into view.
Hop to where?
Press: ? - help, Dir - move target Boing!
You start removing your amulet.
You continue taking off your amulet of reflection. x2
The ogre hits you with a +0 giant club!!
Keep disrobing? [Y]es or [N]o only, please.
Keep disrobing? [Y]es or [N]o only, please.
Keep disrobing?
You stop removing your amulet.
Ouch! That really hurt!
* * * LOW HITPOINT WARNING * * *
Unknown command.
Unknown command.
It was a potion of curing.
You feel better. The ogre barely misses you.
Okay, then.
The flow of time bends around you.
The ogre resists with some effort.
You don't have enough magic at the moment.
It was a potion of invisibility.
You fade into invisibility!
You block the ogre's attack.
You barely miss the ogre. You hit the ogre.
The ogre is poisoned.
The ogre barely misses you.
You barely miss the ogre. The ogre barely misses you.
You hit the ogre. You hit the ogre. You punch the ogre.
You block the ogre's attack.
You hit the ogre but do no damage.
The ogre looks even sicker.
You hit the ogre. The ogre hits you with a +0 giant club!
* * * LOW HITPOINT WARNING * * *
You barely miss the ogre. You block the ogre's attack.
You hit the ogre.
The ogre looks as sick as possible!
The bombardier beetle bites you but does no damage.
You hit the ogre.
The ogre looks as sick as possible!
The ogre hits you with a +0 giant club!
You die...

.........##....
#..............
##............. ♣.
#..............# #...
##...............
#...#######............. #.
#.......$............. ##.
#........##.##.......####..
.........Oh.......##.......
.....$...B...........###.##
......!..†......##..####.#
.....?........####.###...#
..............# #......###
#.?...........# ##.#####
.............## #.#
.............# #.#
.............# #.#


You could see an ogre (unable to see you, extremely poisoned) and a bombardier
beetle (unable to see you).

Vanquished Creatures
  2 quasits (D:4)
  3 adders
  A white imp (D:4)
  A dart slug (D:3)
  2 orcs (D:3)
  6 endoplasms
  2 giant cockroaches
  10 hobgoblins
  3 jackals (D:1)
  2 quokkas
  4 ball pythons (D:1)
  3 bats
  6 frilled lizards
  3 goblins
  4 kobolds (D:2)
  A rat (D:1)
53 creatures vanquished.

Notes
Turn   | Place    | Note
-------+----------+-------------------------------------------
     0 | D:1      | ragingrage the Barachi Shapeshifter began the quest for the
                  | Orb.
     0 | D:1      | Reached XP level 1. HP: 15/15 MP: 1/1
    67 | D:1      | Found a faded altar of an unknown god.
    81 | D:1      | Reached XP level 2. HP: 18/21 MP: 2/2
   133 | D:1      | Prayed at the altar of an unknown god.
   133 | D:1      | Became a worshipper of Cheibriados the Contemplative
   133 | D:1      | Reached * piety under Cheibriados
   854 | D:2      | Reached skill level 4 in Unarmed Combat
   873 | D:2      | Reached XP level 3. HP: 26/26 MP: 3/3
  1045 | D:2      | Reached ** piety under Cheibriados
  1572 | D:3      | Found a broken altar of Ashenzari.
  1668 | D:3      | Found a stormy altar of Qazlal.
  1692 | D:3      | Found an opulent altar of Gozag.
  1774 | D:3      | Found a shadowy altar of Dithmenos.
  1867 | D:3      | Found a glowing silver altar of Zin.
  1897 | D:3      | Reached XP level 4. HP: 29/32 MP: 4/4
  1928 | D:3      | Reached skill level 5 in Unarmed Combat
  2048 | D:4      | Reached skill level 1 in Short Blades
  2084 | D:4      | Reached XP level 5. HP: 37/37 MP: 5/5
  2126 | D:4      | Reached *** piety under Cheibriados
  2126 | D:4      | Noticed an ogre
  2145 | D:4      | Slain by an ogre

Illustrated notes

Levels and vault maps discovered:
D:1:      reono_arrival_forest_river, layout_basic,
          hellmonk_ecumenical_altar_dog_temple
D:2:      layout_loops_ring, nrook_mini_backslash, grunt_ministairs_3,
          chequers_serial_rivers_small_b
D:3:      layout_basic, pdpol_temple_overflow_zin_treasury_gozag_greed,
          cheibrodos_ashenzari_chains, grunt_qazlal_sundering,
          nicolae_dithmenos_shadow_blocks
D:4:      layout_rooms, serial_demonic, serial_demonic_d, serial_demonic_c,
          serial_demonic_a, serial_demonic_a, serial_demonic_e, serial_demonic_c

Skill      XL: |  1  2  3  4  5 |
---------------+----------------+-----
Unarmed Combat | 4 5 |  5.1
Short Blades   | 2 |  2.0
Fighting       | 2 |  2.2
Dodging        | |  2.8
Shapeshifting  | |  3.6

Action                     |  1- 3 |  4- 6 || total
---------------------------+-------+-------++-------
  Melee: Unarmed           |   108 |     8 ||   116
         Punch             |     1 |     3 ||     4
         Dagger            |       |    57 ||    57
 Invoke: Bend Time         |       |     1 ||     1
Ability: Hop               |       |     1 ||     1
    Use: Potion            |       |     2 ||     2
 Armour: Animal skin       |    13 |       ||    13
         Ring mail         |    30 |    62 ||    92
  Dodge: Dodged            |    60 |    61 ||   121
  Block: Other             |    15 |    17 ||    32
         Reflection        |     2 |       ||     2

Table legend: (Time is in decaauts)
 A = Elapsed time spent in this place.
 B = Non-inter-level travel time spent in this place.
 C = Inter-level travel time spent in this place.
 D = Time resting spent in this place.
 E = Time spent auto-exploring this place.
 F = Levels seen in this place.
 G = Mean time per level.
                   A        B        C        D        E       F      G
               +--------+--------+--------+--------+--------+-----+--------+
         Total |   3281 |   3028 |    253 |     94 |   2407 |   4 |  820.2 |
       Dungeon |   3281 |   3028 |    253 |     94 |   2407 |   4 |  820.2 |
               +--------+--------+--------+--------+--------+-----+--------+

Top non-repeatable levels by time:
     D:1: 1219 daAuts
     D:2: 1166 daAuts
     D:3: 737 daAuts
     D:4: 158 daAuts
